 Dungeon Crawl Stone Soup version 0.24.0-28-g17ded55e90 (webtiles) character file.

Game seed: 18253686450809847744, levelgen mode: deterministic

109 Nivan the Conjurer (level 4, -8/33 HPs)
             Began as a Draconian Conjurer on Nov 12, 2019.
             Killed by divine providence
             ... invoked by an orc priest
              (12 damage)
             ... on level 3 of the Dungeon.
             The game lasted 00:06:46 (3224 turns).

Nivan the Conjurer (Draconian Conjurer)             Turns: 3224, Time: 00:06:47

Health: -8/33      AC:  5    Str: 10    XL:     4   Next: 60%
Magic:  8/8        EV: 12    Int: 17    God:
Gold:   65         SH:  0    Dex: 11    Spells: 8/9 levels left

rFire    . . .     SeeInvis .   (no weapon)
rCold    . . .     Gourm    .   (no shield)
rNeg     . . .     Faith    .   (armour unavailable)
rPois    .         Spirit   .   (helmet restricted)
rElec    .         Reflect  .   (no cloak)
rCorr    .         Harm     .   (no gloves)
MR       .....                  (no boots)
Stlth    ++........             (no amulet)
HPRegen  0.11/turn              k - ring of wizardry
MPRegen  0.11/turn              (no ring)

@: no status effects
A: unfitting armour, cold-blooded, AC +5
a: no special abilities


You were on level 3 of the Dungeon.
You were not hungry.

You visited 1 branch of the dungeon, and saw 3 of its levels.

You collected 65 gold pieces.

Inventory:

Jewellery
 k - a ring of wizardry (left hand)
Scrolls
 a - a scroll of enchant weapon {unknown}
 c - a scroll of identify {unknown}
 d - a scroll of amnesia {unknown}
 e - a scroll of blinking {unknown}
 g - a scroll of remove curse {unknown}
Potions
 f - a potion of curing {unknown}
 h - 3 potions of might {unknown}
 i - a potion of ambrosia {unknown}
 j - a potion of heal wounds {unknown}
 l - a potion of brilliance {unknown}
Comestibles
 b - 4 rations
 m - 2 chunks of flesh


   Skills:
 + Level 2.0 Dodging
 + Level 2.1 Stealth
 + Level 3.2 Spellcasting
 + Level 5.1 Conjurations


You had 8 spell levels left.
You knew the following spells:

 Your Spells              Type           Power        Failure   Level  Hunger
a - Magic Dart            Conj           ###.         1%          1    None

Your spell library contained the following spells:

 Spells                   Type           Power        Failure   Level  Hunger
 Searing Ray              Conj           ###...       1%          2    ##.....
 Dazzling Spray           Conj/Hex       ##....       8%          3    ###....
 Iskenderun's Mystic Bla  Conj           ###.....     9%          4    ####...
 Force Lance              Conj/Tloc      ##......     24%         4    ####...
 Fulminant Prism          Conj/Hex       ##........   24%         4    ####...


Dungeon Overview and Level Annotations

Branches:
Dungeon (3/15)

Altars:
Ru


Innate Abilities, Weirdness & Mutations

Your plain brown scales are hard. (AC +5)
You cannot fit into any form of body armour.
You are cold-blooded and may be slowed by cold attacks.


Message History

Aim: an orc priest, wielding a +0 flail and wearing a +0 ring mail The magic dart hits the orc priest.
The orc priest is moderately wounded.
The orc priest mumbles some strange prayers to Beogh against you.
Pain shoots through your body!
An orc comes into view. It is wielding a +0 falchion.
The orc priest calls down the wrath of Beogh upon you.
Pain shoots through your body!
The orc priest begins to cast a cantrip, but forgets the words!
Things that are here:
a +0 club; an orc corpse
Found a sapphire potion.
The orc priest calls down the wrath of Beogh upon you.
Pain shoots through your body!
The orc priest invokes the aid of Beogh against you.
Pain shoots through your body!
* * * LOW HITPOINT WARNING * * *
The orc priest invokes the aid of Beogh against you.
Beogh smites you!
You die...

####### #######
.....#####.....#
#.#!.......# #.##
#.#..#..o..# #).#
#......##..###..#
###.o####....@.รท#
.####..####.##.##<#
#..()....)...##.##)#
############.......#
####.#### .....
#.#.#..# #.#.#..# #
..# .#


You could see an orc priest.

Vanquished Creatures
  A hound zombie (D:2)
  2 adders
  An ooze (D:2)
  2 worms (D:2)
  4 dart slugs
  7 orcs (D:3)
  3 ball pythons (D:2)
  5 giant cockroaches
  3 goblins
  2 hobgoblins (D:1)
  2 jackals (D:1)
  7 kobolds
  6 bats
  2 frilled lizards (D:2)
  A jackal skeleton (D:2)
  5 rats
53 creatures vanquished.

Vanquished Creatures (others)
  An orc (D:3)
1 creature vanquished.

Grand Total: 54 creatures vanquished

Notes
Turn   | Place    | Note
-------+----------+-------------------------------------------
     0 | D:1      | Nivan the Draconian Conjurer began the quest for the Orb.
     0 | D:1      | Reached XP level 1. HP: 14/14 MP: 3/3
   240 | D:1      | Reached XP level 2. HP: 20/20 MP: 0/5
  1370 | D:2      | Reached XP level 3. HP: 26/26 MP: 1/6
  2038 | D:2      | Found a sacrificial altar of Ru.
  2074 | D:2      | Reached skill level 5 in Conjurations
  2074 | D:2      | Reached XP level 4. HP: 33/33 MP: 1/8
  3224 | D:3      | Killed from afar by an orc priest

Levels and vault maps discovered:
D:1:      eino_arrival_water_cross, layout_basic,
          minmay_misc_feat_secret_circle, minmay_misc_feat_alley
D:2:      layout_loops_ring, nicolae_ru_the_path_less_chosen,
          serial_co_window_serial, co_window_corner_a, co_window_paths_b,
          co_window_paths_b, co_window_paths_b, co_window_paths_a,
          co_window_of_opportunity_a, co_window_corner_a, co_window_paths_b,
          co_window_of_opportunity_a, co_window_broadway_c,
          co_window_of_opportunity_b, co_window_corner_cb, co_window_broadway_a,
          minmay_misc_feat_rows
D:3:      layout_loops_cross, lemuel_round_altar,
          nicolae_overflow_hidden_temple, fiery_altar_vehumet, uniq_grinder

Skill      XL: |  1  2  3  4 |
---------------+-------------+-----
Stealth        | 2 |  2.1
Conjurations   | 5 |  5.1
Dodging        | 2 |  2.0
Spellcasting   | 3 |  3.2

Action                   |  1- 3 |  4- 6 || total
-------------------------+-------+-------++-------
Melee: Unarmed           |    24 |     1 ||    25
       Tailslap          |     2 |     1 ||     3
 Cast: Magic Dart        |    85 |    57 ||   142
  Eat: Chunk             |     4 |     4 ||     8
Armor: Skin              |    11 |     4 ||    15
Dodge: Dodged            |    37 |    12 ||    49
